 Dungeon Crawl Stone Soup version 0.22-a0-601-gb0ed703 (webtiles) character file.

187675 magipi the Corrupter of Planes (level 18, -10/143 HPs)
             Began as a Gnoll Abyssal Knight on July 3, 2018.
             Was the Champion of Lugonu.
             Mangled by a spark wasp (12 damage)
             ... on level 4 of the Spider Nest on July 6, 2018.
             The game lasted 03:05:00 (34899 turns).

magipi the Corrupter of Planes (GnAK)              Turns: 34899, Time: 03:05:01

Health: -10/143    AC: 19    Str: 20    XL:     18   Next: 7%
Magic:  0/33       EV: 19    Int: 22    God:    Lugonu [******]
Gold:   970        SH:  0    Dex: 16    Spells: 20/40 levels left

rFire    + . .     SeeInvis +   b - +8 great sword (freeze)
rCold    + + .     Gourm    .   (shield currently unavailable)
rNeg     . . .     Faith    .   I - +0 swamp dragon scales
rPois    +         Spirit   +   L - +1 helmet {SInv}
rElec    .         Reflect  .   R - scarf {rC+ rF+}
rCorr    .         Harm     .   T - +1 pair of gloves
MR       +....                  v - +2 pair of boots
Stlth    ++++......             N - amulet of guardian spirit
HPRegen  0.33/turn              i - ring "Papet" {Str+6 SInv}
MPRegen  0.23/turn              c - ring of protection from cold

@: very slightly contaminated
A: distributed training, fangs 1, strong nose
}: 1/15 runes: decaying
a: Depart the Abyss, Bend Space, Banish, Corrupt, Enter the Abyss, Brand Weapon
With Distortion, Renounce Religion


You were on level 4 of the Spider Nest.
You worshipped Lugonu.
Lugonu was exalted by your worship.
You were not hungry.

You visited 5 branches of the dungeon, and saw 31 of its levels.
You visited the Abyss 1 time.
You also visited: Labyrinth, Ice Cave and Volcano.

You collected 3363 gold pieces.
You spent 2393 gold pieces at shops.

Inventory:

Hand Weapons
 a - a +3 longbow of flaming
   (You found it on level 12 of the Dungeon)
 b - a +8 great sword of freezing (weapon)
   (You took it off a wight on level 8 of the Dungeon)
 w - a +2 dagger of venom
   (You took it off an orc on level 3 of the Dungeon)
Missiles
 y - 185 arrows
 A - 3 throwing nets (quivered)
Armour
 v - a +2 pair of boots (worn)
   (You found it on level 7 of the Dungeon)
 I - +0 swamp dragon scales (worn)
   (You found it on level 3 of the Swamp)
 L - a +1 helmet of see invisible (worn)
   (You bought it in a shop on level 2 of the Orcish Mines)
 R - a scarf of resistance (worn)
   (You found it on level 4 of the Lair of Beasts)
 T - a +1 pair of gloves (worn)
   (You found it on level 1 of the Dungeon)
Jewellery
 c - a ring of protection from cold (right hand)
   (You bought it in a shop on level 13 of the Dungeon)
 e - an uncursed ring of flight
   (You found it on level 3 of the Dungeon)
 f - an uncursed ring of protection from fire
   (You found it in a labyrinth)
 i - the ring "Papet" (left hand) {Str+6 SInv}
   (You found it on level 6 of the Lair of Beasts)

   [ring of see invisible]

   It affects your strength (+6).
   It lets you see invisible.
 m - an uncursed ring of protection from magic
   (You found it on level 2 of the Dungeon)
 z - an uncursed ring of wizardry
   (You found it on level 1 of the Spider Nest)
 N - an amulet of guardian spirit (around neck)
   (You found it on level 1 of the Lair of Beasts)
Wands
 d - a wand of digging (38)
   (You took it off Ijyb on level 5 of the Dungeon)
 t - a wand of enslavement (45)
   (You found it on level 6 of the Lair of Beasts)
 H - a wand of iceblast (10)
   (You found it on level 3 of the Swamp)
 J - a wand of polymorph (24)
   (You took it off Crazy Yiuf on level 5 of the Dungeon)
 K - a wand of scattershot (1)
   (You found it on level 1 of the Lair of Beasts)
 P - a wand of paralysis (16)
   (You found it on level 1 of the Spider Nest)
Scrolls
 j - 17 scrolls of identify
 k - 4 scrolls of blinking
 l - 6 scrolls of magic mapping
 q - 14 scrolls of teleportation
 r - 16 scrolls of remove curse
 s - 6 scrolls of fog
 u - 10 scrolls of fear
 C - 8 scrolls of enchant armour
 Q - a scroll of silence
 X - a scroll of summoning
 Y - 2 scrolls of vulnerability
Potions
 h - 2 potions of magic
 n - 4 potions of resistance
 o - 4 potions of mutation
 p - 5 potions of flight
 B - 8 potions of agility
 D - 10 potions of curing
 E - 4 potions of might
 G - 3 potions of invisibility
 O - 3 potions of haste
 W - 3 potions of berserk rage
Miscellaneous
 F - a lamp of fire
   (You found it on level 1 of the Lair of Beasts)
 U - a phial of floods
   (You found it on level 6 of the Lair of Beasts)
 V - a sack of spiders
 Z - a box of beasts
Comestibles
 x - 45 rations


   Skills:
 + Level 13.1 Fighting
 + Level 11.7 Short Blades
 + Level 12.5 Long Blades
 + Level 11.7 Axes
 + Level 11.7 Maces & Flails
 + Level 11.7 Polearms
 + Level 11.7 Staves
 + Level 11.7 Slings
 + Level 11.7 Bows
 + Level 11.7 Crossbows
 + Level 11.7 Throwing
 + Level 12.5 Armour
 + Level 12.0 Dodging
 + Level 11.7 Stealth
 + Level 11.7 Shields
 + Level 11.7 Unarmed Combat
 + Level 11.7 Spellcasting
 + Level 10.0 Conjurations
 + Level 10.0 Hexes
 + Level 10.0 Charms
 + Level 10.0 Summonings
 + Level 10.0 Necromancy
 + Level 10.0 Translocations
 + Level 10.0 Transmutations
 + Level 10.0 Fire Magic
 + Level 10.0 Ice Magic
 + Level 10.0 Air Magic
 + Level 10.0 Earth Magic
 + Level 10.0 Poison Magic
 + Level 13.3 Invocations
 + Level 11.7 Evocations


You had 20 spell levels left.
You knew the following spells:

 Your Spells              Type           Power        Failure   Level  Hunger
a - Apportation           Tloc           ######       1%          1    None
d - Animate Dead          Necr           N/A          1%          4    None
e - Animate Skeleton      Necr           N/A          1%          1    None
i - Summon Ice Beast      Ice/Summ       ######..     1%          4    None
l - Summon Lightning Spi  Summ/Air       ######..     1%          4    None
p - Portal Projectile     Hex/Tloc       ######       1%          3    None
r - Regeneration          Chrm/Necr      ######....   1%          3    None

Your spell library contained the following spells:

 Spells                   Type           Power        Failure   Level  Hunger
 Cause Fear               Hex            ######....   1%          4    None
 Lightning Bolt           Conj/Air       ######....   3%          5    ####...
 Slow                     Hex            ######..     1%          2    None
 Confuse                  Hex            ######..     1%          3    None
 Throw Frost              Conj/Ice       ######       1%          2    None
 Mephitic Cloud           Conj/Pois/Air  ######..     1%          3    None
 Summon Small Mammal      Summ           ####         1%          1    None
 Bolt of Draining         Conj/Necr      ######....   3%          5    ####...
 Pain                     Necr           ####         1%          1    None
 Vampiric Draining        Necr           ######....   1%          3    None
 Freeze                   Ice            ####         1%          1    None
 Ozocubu's Armour         Chrm/Ice       ######..     1%          3    None
 Stone Arrow              Conj/Erth      ######       1%          3    None
 Agony                    Necr           ######..     3%          5    ####...
 Spider Form              Tmut/Pois      ######....   1%          3    None
 Blade Hands              Tmut           ######....   3%          5    ####...
 Ice Form                 Ice/Tmut       ######..     1%          4    None
 Deflect Missiles         Chrm/Air       ######....   19%         6    #####..
 Throw Icicle             Conj/Ice       ######..     1%          4    None
 Airstrike                Air            ######....   1%          4    None
 Confusing Touch          Hex            ######       1%          1    None
 Passwall                 Tmut/Erth      ######..     1%          2    None
 Sticks to Snakes         Tmut           ######..     1%          2    None
 Silence                  Hex/Air        ######....   3%          5    ####...
 Shatter                  Erth           ######....   100%        9    #######
 Static Discharge         Conj/Air       ######..     1%          3    None
 Corona                   Hex            ######.      1%          1    None
 Lee's Rapid Deconstruct  Erth           ######....   3%          5    ####...
 Sandblast                Erth           ######       1%          1    None
 Conjure Ball Lightning   Conj/Air       ######....   19%         6    #####..
 Petrify                  Tmut/Erth      ######..     1%          4    None
 Tornado                  Air            ######....   100%        9    #######
 Leda's Liquefaction      Hex/Erth       ######....   1%          4    None
 Inner Flame              Hex/Fire       ######..     1%          3    None
 Beastly Appendage        Tmut           ######       1%          1    None
 Ignition                 Fire           ######....   100%        8    #######


Dungeon Overview and Level Annotations

Branches:
Dungeon (15/15)            Temple (0/1) D:7            Lair (6/6) D:9
  Swamp (4/4) Lair:3       Spider (4/4) Lair:3        Slime (0/5) Lair:6
    Orc (2/2) D:10            Elf (0/3) Orc:2        Vaults (0/5) D:13
 Depths (0/5) D:15

Altars:
Ashenzari
Dithmenos
Elyvilon
Gozag
Hepliaklqana
Nemelex Xobeh
Okawaru
Trog
Wu Jian
Xom
Yredelemnul
Zin
Jiyva

Shops:
D:6 ?   D:9 *   D:12 (   D:13 *   D:15 *   Orc:2 ![?[::

Annotations:
D:15 corrupted
Spider:2 corrupted
Abyss:1 Psyche


Innate Abilities, Weirdness & Mutations

Your experience applies equally to all skills.
You have very sharp teeth.
Your uncanny sense of smell can sniff out nearby items.


Message History

As you read the scroll of blinking, it crumbles to dust.
Bai Suzhen tears through a web.
Unknown command.
You feel much better.
Unknown command.
Unknown command.
Your +8 great sword of freezing stops glowing.
Your +3 longbow of flaming bursts into flame!
a - a +3 longbow of flaming (weapon)
You hear a clap of thunder!
You hear an angry hiss.
Unknown command.
Firing (i - inventory. (/) - cycle)
y - 192 arrows (quivered)
Press: ? - help, Shift-Dir - straight line, f - Bai Suzhen
Aim: Bai Suzhen (thunder, almost dead)
You shoot an arrow. The arrow hits Bai Suzhen!!
The arrow burns Bai Suzhen.
You kill Bai Suzhen!
Lugonu accepts your kill.
Your Dodging skill increases to level 12!
You hear a clap of thunder!
You hear a clap of thunder!
You feel a bit more experienced.
You hear an angry hiss.
Casting: Portal Projectile (safe; 1% risk of failure)
Confirm with . or Enter, or press ? or * to list all spells.
You don't have enough magic to cast that spell.
Unknown command.
Drop what? 49/52 slots (_ for help) (? for menu, Esc to quit)
Okay, then.
Unknown command.
Firing (i - inventory. (/) - cycle)
y - 191 arrows (quivered)
Press: ? - help, Shift-Dir - straight line, f - orb spider
Aim: an orb spider (clinging)
You shoot an arrow. The arrow hits the orb spider!!
The arrow burns the orb spider!
The orb spider is almost dead.
The orb spider pulsates with a strange energy.
Unknown command.
Firing (i - inventory. (/) - cycle)
y - 190 arrows (quivered)
Press: ? - help, Shift-Dir - straight line, f/p - orb spider
Aim: an orb spider (almost dead, fully charged, clinging)
You shoot an arrow. The arrow hits the orb spider!!
The arrow burns the orb spider.
You kill the orb spider!
Lugonu accepts your kill.
Unknown command.
Firing (i - inventory. (/) - cycle)
y - 189 arrows (quivered)
Press: ? - help, Shift-Dir - straight line, f - you
Okay, then.
Unknown command.
You start resting.
A tarantella comes into view.
You are too injured to fight recklessly!
You are too injured to fight recklessly!
Firing (i - inventory. (/) - cycle)
y - 189 arrows (quivered)
Press: ? - help, Shift-Dir - straight line, f - tarantella
Aim: a tarantella (clinging, hasn't noticed you)
You shoot an arrow. The arrow misses the tarantella.
The tarantella hisses angrily.
A spark wasp comes into view.
Firing (i - inventory. (/) - cycle)
y - 188 arrows (quivered)
Press: ? - help, Shift-Dir - straight line, f/p - tarantella
Aim: a tarantella (clinging)
You shoot an arrow. The arrow barely misses the tarantella.
The arrow misses the spark wasp.
The spark wasp buzzes angrily.
Unknown command.
Firing (i - inventory. (/) - cycle)
y - 187 arrows (quivered)
Press: ? - help, Shift-Dir - straight line, f/p - tarantella
Aim: a tarantella (clinging)
You shoot an arrow. The arrow hits the tarantella!!
The arrow burns the tarantella.
The tarantella is almost dead.
Unknown command.
Firing (i - inventory. (/) - cycle)
y - 186 arrows (quivered)
Press: ? - help, Shift-Dir - straight line, f/p - tarantella
Aim: a tarantella (almost dead, clinging)
You shoot an arrow.
The arrow closely misses the tarantella.
The arrow hits the spark wasp!
The arrow burns the spark wasp.
The spark wasp is moderately wounded.
The spark wasp bursts into living lightning!
The living lightning hits the tarantella.
The tarantella dies!
The living lightning misses you. x2; The spark wasp blinks!
The spark wasp misses you.
Unknown command.
Your +3 longbow of flaming stops flaming.
Your +8 great sword of freezing glows with a cold blue light!
b - a +8 great sword of freezing (weapon)
Unknown command.
You miss the spark wasp.
The spark wasp is moderately wounded.
The spark wasp stings you!
* * * LOW HITPOINT WARNING * * *
The spark wasp shocks you!
* * * LOW HITPOINT WARNING * * *
The spark wasp stings you!
* * * LOW HITPOINT WARNING * * *
The spark wasp shocks you!
You die...

#..#...#.#.#≈§.##
#≈.##.#.....#(###
####.......##(#
##..#.#.#.##.#
##...########(#
#<<### #s# #...#
#.# ....^### #y#
#^...? #@# .$#.#.
### ..## ..∆ . ..
#.# ∆


You could see a spark wasp and a demonic crawler.

Vanquished Creatures
  Bai Suzhen (Spider:4)
  A thorn hunter (Swamp:4)
  3 emperor scorpions
  An entropy weaver (Spider:1)
  A very ugly thing (Swamp:4)
  A red draconian (Volcano)
  A spark wasp (Spider:4)
  A minotaur (Lab)
  2 blizzard demons (IceCv)
  The ghost of sking99 the Severer, a journeyman MiFi of Gozag (Lair:3)
  Josephine (D:14)
  A yaktaur captain (D:15)
  A vault guard (D:13)
  6 centaur warriors
  13 two-headed ogres
  A death knight (D:14)
  12 hydras
  7 alligators
  3 ogre magi
  A spriggan berserker (Swamp:4)
  7 death yaks
  2 spriggans (Swamp:3)
  A salamander mystic (Volcano)
  A skeletal warrior (D:15)
  2 unseen horrors
  A spriggan druid (Swamp:3)
  A deep troll (Orc:1)
  10 swamp dragons
  A phantasmal warrior (D:15)
  A shambling mangrove (Swamp:4)
  2 oklob plants (Lair:3)
  7 orb spiders
  A deep elf mage (D:14)
  An orc knight (Orc:2)
  2 orc sorcerers (Orc:1)
  2 salamanders (Volcano)
  9 wolf spiders
  12 ugly things
  2 manticores
  4 cyclopes
  4 black mambas
  A molten gargoyle (D:15)
  7 spiny frogs
  A torpor snail (Spider:2)
  An eye of devastation (D:12)
  2 rime drakes
  6 komodo dragons
  3 demonic crawlers
  8 freezing wraiths
  A golden dragon simulacrum (IceCv)
  5 anaconda simulacra (IceCv)
  5 ice devils (IceCv)
  11 trolls
  Grinder (D:2)
  26 jumping spiders
  9 polar bears
  8 hornets
  4 hippogriffs
  5 tyrant leeches
  4 raiju (Lair:6)
  5 slime creatures (Swamp:3)
  A meliai zombie (D:15)
  9 bog bodies
  7 blink frogs
  A dream sheep (D:9)
  44 redbacks
  3 shadows
  18 tarantellas
  The ghost of sking99 the Ruffian, an amateur TrMo (D:6)
  A fire elemental (D:15)
  4 dire elephant simulacra (IceCv)
  31 yaks
  A wyvern (D:13)
  6 wraiths
  3 basilisks
  3 hungry ghosts
  A death yak simulacrum (IceCv)
  7 wargs
  2 harpy simulacra (IceCv)
  7 vampire mosquitoes
  19 insubstantial wisps
  3 acid dragons (Lair:6)
  9 swamp worms
  An iron troll simulacrum (IceCv)
  19 water moccasins
  A hydra simulacrum (IceCv)
  11 hell hounds (Lair:6)
  13 orc warriors
  14 porcupines
  9 swamp drakes
  4 sky beasts
  2 ice beasts
  An ettin simulacrum (IceCv)
  7 black bears
  5 phantoms
  22 ogres
  18 wolves
  8 centaurs
  17 crocodiles
  7 big kobolds
  21 bullfrogs
  A gnoll sergeant (D:8)
  A water moccasin skeleton (D:8)
  A scorpion (D:7)
  8 killer bees
  7 wights (D:8)
  3 crimson imps
  2 draconian simulacra (IceCv)
  A centaur zombie (D:5)
  A quasit (D:12)
  4 centaur skeletons
  5 bullfrog skeletons
  5 hounds
  13 orc priests
  Crazy Yiuf (D:5)
  5 jellies
  10 iguanas
  12 worker ants
  Ijyb (D:5)
  28 orc wizards
  A spriggan simulacrum (IceCv)
  2 troll simulacra (IceCv)
  2 wolf simulacra (IceCv)
  2 centaur simulacra (IceCv)
  A hound skeleton (D:6)
  8 gnolls
  A river rat (Lair:3)
  13 adders
  A naga simulacrum (IceCv)
  3 ogre simulacra (IceCv)
  4 shadow imps
  4 white imps (IceCv)
  6 ufetubi (IceCv)
  2 oozes
  2 adder skeletons (D:4)
  3 worms (D:3)
  6 leopard geckos
  66 orcs
  8 bats
  7 giant cockroaches
  6 goblins
  9 hobgoblins
  13 jackals
  4 quokkas
  2 ball pythons
  5 frilled lizards
  A giant cockroach zombie (D:4)
  33 kobolds
  A leopard gecko skeleton (D:8)
  2 quokka skeletons
  7 rats
  5 plants
945 creatures vanquished.

Vanquished Creatures (collateral kills)
  Nikola (Spider:1)
  A stone giant (Orc:2)
  An entropy weaver (Spider:3)
  A spark wasp (Spider:3)
  A fire dragon (Lair:6)
  3 hydras
  A death knight (D:15)
  7 alligators
  5 two-headed ogres
  3 death yaks (Lair:6)
  4 swamp dragons
  A deep troll (Orc:2)
  An orc knight (D:15)
  3 orb spiders
  5 wolf spiders
  A cyclops (Orc:2)
  2 ugly things
  An elephant (shapeshifter) (D:14)
  A gargoyle (D:13)
  2 torpor snails
  2 komodo dragons
  3 spiny frogs
  A demonic crawler (Spider:1)
  A polar bear (Lair:6)
  A troll (Orc:1)
  A blink frog (Lair:5)
  3 jumping spiders
  2 tyrant leeches
  A slime creature (Swamp:3)
  6 bog bodies (Swamp:4)
  12 redbacks
  3 tarantellas
  6 yaks
  A steam dragon (Lair:6)
  An insubstantial wisp (Swamp:3)
  4 swamp worms
  A water moccasin (Lair:3)
  2 hell hounds (Lair:6)
  A porcupine (Lair:2)
  8 black bears (Lair:6)
  2 swamp drakes
  5 ogres
  6 wolves
  4 crocodiles
  2 bullfrogs
  An electric eel (Spider:2)
  An iguana (Lair:6)
  5 orc wizards
  A river rat (Lair:3)
  4 orcs
  3 fungi
  2 plants
141 creatures vanquished.

Vanquished Creatures (others)
  Rupert (D:15)
  Asterion (Spider:2)
  An emperor scorpion (shapeshifter) (D:13)
  11 hydras
  A ghost crab (Swamp:3)
  A centaur warrior (D:15)
  A two-headed ogre (D:11)
  An unseen horror (D:15)
  A wizard (D:15)
  2 orb spiders (Spider:2)
  6 ugly things (D:15)
  3 salamanders (Volcano)
  A manticore (D:15)
  A cyclops (D:15)
  2 wolf spiders
  A centaur zombie (D:15)
  A centaur skeleton (D:15)
  A redback zombie (D:15)
  5 jumping spiders
  4 hornets
  A slime creature (Swamp:3)
  A dream sheep (D:9)
  5 redbacks
  4 tarantellas
  A swamp worm (Swamp:1)
  An acid dragon (D:15)
  An orc warrior (D:10)
  A sky beast (D:15)
  An eye of draining (D:15)
  A wight (D:8)
  An electric eel (Spider:2)
  2 crimson imps (D:15)
  13 fungi
  24 plants
  8 starspawn tentacles
111 creatures vanquished.

Grand Total: 1197 creatures vanquished

Notes
Turn   | Place    | Note
-------+----------+-------------------------------------------
     0 | Abyss:1  | magipi the Gnoll Abyssal Knight began the quest for the Orb.
     0 | Abyss:1  | Reached XP level 1. HP: 23/23 MP: 3/3
    98 | Abyss:1  | Noticed an iron imp
   106 | D:1      | Escaped the Abyss
   270 | D:1      | Reached * piety under Lugonu
   324 | D:1      | Reached XP level 2. HP: 29/29 MP: 5/5
  1016 | D:2      | Reached XP level 3. HP: 27/35 MP: 6/6
  1165 | D:2      | Found a shattered altar of Ashenzari.
  1384 | D:2      | Reached skill level 1 in Short Blades
  1384 | D:2      | Reached skill level 1 in Axes
  1384 | D:2      | Reached skill level 1 in Maces & Flails
  1384 | D:2      | Reached skill level 1 in Polearms
  1384 | D:2      | Reached skill level 1 in Staves
  1384 | D:2      | Reached skill level 1 in Slings
  1384 | D:2      | Reached skill level 1 in Bows
  1384 | D:2      | Reached skill level 1 in Crossbows
  1384 | D:2      | Reached skill level 1 in Throwing
  1384 | D:2      | Reached skill level 1 in Stealth
  1384 | D:2      | Reached skill level 1 in Shields
  1384 | D:2      | Reached skill level 1 in Unarmed Combat
  1384 | D:2      | Reached skill level 1 in Spellcasting
  1384 | D:2      | Reached skill level 1 in Evocations
  1384 | D:2      | Reached XP level 4. HP: 38/41 MP: 7/7
  1911 | D:3      | Reached skill level 1 in Conjurations
  1911 | D:3      | Reached skill level 1 in Hexes
  1911 | D:3      | Reached skill level 1 in Charms
  1911 | D:3      | Reached skill level 1 in Summonings
  1911 | D:3      | Reached skill level 1 in Necromancy
  1911 | D:3      | Reached skill level 1 in Translocations
  1911 | D:3      | Reached skill level 1 in Transmutations
  1911 | D:3      | Reached skill level 1 in Fire Magic
  1911 | D:3      | Reached skill level 1 in Ice Magic
  1911 | D:3      | Reached skill level 1 in Air Magic
  1911 | D:3      | Reached skill level 1 in Earth Magic
  1911 | D:3      | Reached skill level 1 in Poison Magic
  1983 | D:2      | Reached ** piety under Lugonu
  2017 | D:3      | Noticed Grinder
  2151 | D:3      | Reached XP level 5. HP: 31/47 MP: 8/8
  2281 | D:3      | Found a shimmering altar of Xom.
  3050 | D:4      | Noticed a phantom
  3291 | D:4      | Reached skill level 5 in Invocations
  3291 | D:4      | Reached XP level 6. HP: 49/53 MP: 9/9
  3573 | D:4      | Reached *** piety under Lugonu
  3657 | D:4      | Found a hazy altar of Hepliaklqana.
  3724 | D:4      | Reached skill level 5 in Long Blades
  3724 | D:4      | Reached skill level 5 in Armour
  3776 | D:4      | Killed a phantom
  3890 | D:4      | Reached XP level 7. HP: 31/59 MP: 10/10
  4377 | D:5      | Entered Level 5 of the Dungeon
  4377 | D:5      | Found an ornate altar of the Wu Jian Council.
  4719 | D:5      | Reached XP level 8. HP: 62/67 MP: 12/12
  4756 | D:5      | Noticed Ijyb
  4794 | D:5      | Killed Ijyb
  5016 | D:5      | Reached **** piety under Lugonu
  5020 | D:5      | Found an iron altar of Okawaru.
  5113 | D:5      | Found a shadowy altar of Dithmenos.
  5340 | D:5      | Found a runed door.
  5344 | D:5      | Noticed Crazy Yiuf
  5380 | D:5      | Killed Crazy Yiuf
  5553 | D:6      | Found a sparkling altar of Nemelex Xobeh.
  5602 | D:6      | Found a runed gate.
  5602 | D:6      | Found a runed gate.
  5602 | D:6      | Found a runed gate.
  5603 | D:6      | Noticed sking99's ghost (amateur TrMo)
  5626 | D:6      | Found Rimy's Magic Scroll Shoppe.
  5635 | D:6      | Bought a scroll of identify for 22 gold pieces
  5635 | D:6      | Bought 3 scrolls of identify for 66 gold pieces
  5635 | D:6      | Bought a scroll of identify for 22 gold pieces
  5651 | D:6      | Found an opulent altar of Gozag.
  6459 | D:7      | Found a white marble altar of Elyvilon.
  6588 | D:7      | Found a basalt altar of Yredelemnul.
  6628 | D:7      | Found a staircase to the Ecumenical Temple.
  6659 | D:7      | Reached XP level 9. HP: 63/72 MP: 14/14
  7409 | D:8      | Reached skill level 5 in Dodging
  8550 | D:8      | Reached ***** piety under Lugonu
  8636 | D:8      | Reached XP level 10. HP: 51/80 MP: 17/17
  9232 | D:8      | Found a bloodstained altar of Trog.
  9312 | D:8      | Found a glowing silver altar of Zin.
  9567 | D:9      | Reached skill level 5 in Short Blades
  9567 | D:9      | Reached skill level 5 in Axes
  9567 | D:9      | Reached skill level 5 in Maces & Flails
  9567 | D:9      | Reached skill level 5 in Polearms
  9567 | D:9      | Reached skill level 5 in Staves
  9567 | D:9      | Reached skill level 5 in Slings
  9567 | D:9      | Reached skill level 5 in Bows
  9567 | D:9      | Reached skill level 5 in Crossbows
  9567 | D:9      | Reached skill level 5 in Throwing
  9567 | D:9      | Reached skill level 5 in Stealth
  9567 | D:9      | Reached skill level 5 in Shields
  9567 | D:9      | Reached skill level 5 in Unarmed Combat
  9567 | D:9      | Reached skill level 5 in Spellcasting
  9567 | D:9      | Reached skill level 5 in Evocations
 10120 | D:9      | Noticed a three-headed hydra
 10135 | D:9      | Banished a three-headed hydra
 10344 | D:9      | Found Gozag's Platinum Reserve.
 10450 | D:9      | Found an opulent altar of Gozag.
 10511 | D:9      | Found a staircase to the Lair.
 10647 | D:10     | Entered Level 10 of the Dungeon
 10725 | D:6      | Bought a scroll of brand weapon for 220 gold pieces
 10827 | D:9      | Reached XP level 11. HP: 73/87 MP: 19/19
 10890 | D:10     | Noticed Psyche
 10912 | D:10     | Banished Psyche
 11177 | D:10     | Found a staircase to the Orcish Mines.
 11672 | D:11     | Reached skill level 5 in Conjurations
 11672 | D:11     | Reached skill level 5 in Hexes
 11672 | D:11     | Reached skill level 5 in Charms
 11672 | D:11     | Reached skill level 5 in Summonings
 11672 | D:11     | Reached skill level 5 in Necromancy
 11672 | D:11     | Reached skill level 5 in Translocations
 11672 | D:11     | Reached skill level 5 in Transmutations
 11672 | D:11     | Reached skill level 5 in Fire Magic
 11672 | D:11     | Reached skill level 5 in Ice Magic
 11672 | D:11     | Reached skill level 5 in Air Magic
 11672 | D:11     | Reached skill level 5 in Earth Magic
 11672 | D:11     | Reached skill level 5 in Poison Magic
 11675 | D:11     | Found a labyrinth entrance.
 11691 | Lab      | Entered a labyrinth
 11788 | Lab      | Noticed a minotaur
 11795 | Lab      | Killed a minotaur
 11810 | Lab      | Learned a level 1 spell: Apportation
 11812 | Lab      | Learned a level 1 spell: Animate Skeleton
 11884 | D:11     | Noticed a two-headed ogre
 11888 | D:11     | Banished a two-headed ogre
 12068 | D:11     | Noticed a red ugly thing
 12082 | D:11     | Killed a red ugly thing
 13150 | D:2      | Found a shattered altar of Ashenzari.
 13361 | D:2      | Killed Grinder
 13498 | Lair:1   | Entered Level 1 of the Lair of Beasts
 13659 | Lair:1   | Reached XP level 12. HP: 96/96 MP: 22/22
 14365 | Lair:2   | Learned a level 4 spell: Summon Ice Beast
 14652 | Lair:2   | Identified the +2 leather armour of Creativity {-Cast Int+2 Slay+3} (You found it on level 2 of the Lair of Beasts)
 15030 | Lair:3   | Learned a level 3 spell: Regeneration
 15035 | Lair:3   | Learned a level 4 spell: Animate Dead
 15301 | Lair:3   | Found a staircase to the Swamp.
 15353 | Lair:3   | Found a hole to the Spider Nest.
 15877 | Lair:3   | Noticed sking99's ghost (journeyman MiFi)
 15886 | Lair:3   | Found a runed gate.
 15886 | Lair:3   | Found a runed gate.
 15888 | Lair:3   | Found a runed gate.
 16020 | Lair:3   | Upgraded the game from 0.22-a0-580-gd5db89c to 0.22-a0-587-g7d32d7c
 16151 | Lair:4   | Found a dark tunnel.
 16182 | Volcano  | Entered a volcano
 16226 | Volcano  | Found a bloodstained altar of Trog.
 16228 | Volcano  | Noticed a red draconian
 16249 | Volcano  | Reached skill level 10 in Fighting
 16327 | Volcano  | Killed a red draconian
 16801 | Lair:4   | Reached XP level 13. HP: 97/103 MP: 24/24
 18104 | Lair:6   | Entered Level 6 of the Lair of Beasts
 18200 | Lair:6   | Found a staircase to the Slime Pits.
 18201 | Lair:6   | Found a viscous altar of Jiyva.
 18340 | Lair:6   | Learned a level 4 spell: Summon Lightning Spire
 18367 | Lair:6   | Reached skill level 10 in Invocations
 18969 | Lair:6   | Identified Nuvyit's Compendium of Gliding Orientation
 19281 | Lair:6   | Reached XP level 14. HP: 72/111 MP: 11/26
 19421 | Lair:6   | Got a pitted granite ring
 19424 | Lair:6   | Identified the ring "Papet" {Str+6 SInv} (You found it on level 6 of the Lair of Beasts)
 19461 | Lair:6   | Reached ****** piety under Lugonu
 19669 | Lair:6   | Reached skill level 10 in Long Blades
 19669 | Lair:6   | Reached skill level 10 in Armour
 19954 | Orc:1    | Entered Level 1 of the Orcish Mines
 20054 | Orc:2    | Entered Level 2 of the Orcish Mines
 21231 | Orc:2    | Noticed a stone giant
 21467 | Orc:2    | Found Zynt's Book Shoppe.
 21550 | Orc:2    | Found Suat's Book Emporium.
 21567 | Orc:2    | Found Xeaj's Magic Scroll Emporium.
 21568 | Orc:2    | Found Duyvuczo's Armour Emporium.
 21577 | Orc:2    | Found Ekhlinorph's Distillery.
 21579 | Orc:2    | Killed a stone giant
 21626 | Orc:2    | Found a staircase to the Elven Halls.
 21755 | Orc:2    | Found Niaffaim's Armour Shop.
 21764 | Orc:2    | Found Ogestrul's Magic Scroll Shoppe.
 21785 | Orc:2    | Bought a scroll of silence for 82 gold pieces
 21785 | Orc:2    | Bought a scroll of summoning for 104 gold pieces
 21785 | Orc:2    | Bought a scroll of teleportation for 33 gold pieces
 21785 | Orc:2    | Bought a scroll of vulnerability for 82 gold pieces
 21808 | Orc:2    | Bought a scroll of magic mapping for 42 gold pieces
 21808 | Orc:2    | Bought a scroll of fog for 24 gold pieces
 21808 | Orc:2    | Bought a scroll of holy word for 90 gold pieces
 21808 | Orc:2    | Bought a scroll of fear for 42 gold pieces
 21808 | Orc:2    | Bought 2 scrolls of teleportation for 72 gold pieces
 21808 | Orc:2    | Bought a scroll of identify for 24 gold pieces
 21808 | Orc:2    | Bought a scroll of magic mapping for 42 gold pieces
 21808 | Orc:2    | Bought a scroll of teleportation for 36 gold pieces
 21808 | Orc:2    | Bought a scroll of fear for 42 gold pieces
 21821 | Orc:2    | Bought a potion of curing for 39 gold pieces
 21821 | Orc:2    | Bought a potion of resistance for 130 gold pieces
 21821 | Orc:2    | Bought a potion of haste for 130 gold pieces
 21821 | Orc:2    | Bought a potion of curing for 39 gold pieces
 21821 | Orc:2    | Bought a potion of invisibility for 104 gold pieces
 21821 | Orc:2    | Bought a potion of agility for 52 gold pieces
 21821 | Orc:2    | Bought a potion of heal wounds for 65 gold pieces
 22121 | Orc:2    | Bought 2 potions of agility for 104 gold pieces
 22121 | Orc:2    | Bought a potion of might for 52 gold pieces
 22180 | Orc:2    | Bought a +1 helmet of see invisible for 247 gold pieces
 22296 | D:6      | Killed sking99's ghost
 22610 | D:12     | Found Aschiuxeu's Weapon Shop.
 22612 | D:12     | Noticed Nessos
 22624 | D:12     | Noticed Nessos
 22624 | D:12     | Nessos changed into Nessos the eye of devastation
 22627 | D:12     | Killed Nessos the eye of devastation
 22788 | D:12     | Identified the Grimoire of Bewitching Unholy Secrets
 22868 | D:12     | Reached XP level 15. HP: 73/119 MP: 15/28
 23455 | D:13     | Found Temnunox's Assorted Antiques.
 23463 | D:13     | Bought an encrusted onyx ring for 130 gold pieces
 23463 | D:13     | Bought a long fluorescent wand for 104 gold pieces
 23583 | D:13     | Reached skill level 10 in Dodging
 23850 | D:13     | Found a gate to the Vaults.
 23904 | D:13     | Noticed an emperor scorpion
 23913 | D:13     | Banished an emperor scorpion
 24833 | D:14     | Noticed Josephine
 24847 | D:14     | Killed Josephine
 25107 | D:14     | Reached skill level 10 in Short Blades
 25107 | D:14     | Reached skill level 10 in Axes
 25107 | D:14     | Reached skill level 10 in Maces & Flails
 25107 | D:14     | Reached skill level 10 in Polearms
 25107 | D:14     | Reached skill level 10 in Staves
 25107 | D:14     | Reached skill level 10 in Slings
 25107 | D:14     | Reached skill level 10 in Bows
 25107 | D:14     | Reached skill level 10 in Crossbows
 25107 | D:14     | Reached skill level 10 in Throwing
 25107 | D:14     | Reached skill level 10 in Stealth
 25107 | D:14     | Reached skill level 10 in Shields
 25107 | D:14     | Reached skill level 10 in Unarmed Combat
 25107 | D:14     | Reached skill level 10 in Spellcasting
 25107 | D:14     | Reached skill level 10 in Evocations
 25512 | D:15     | Entered Level 15 of the Dungeon
 25513 | D:15     | Noticed Rupert
 25529 | D:15     | Corrupted D:15
 25529 | D:15     | Noticed an Executioner
 25532 | D:15     | Noticed a tentacled starspawn
 25533 | D:15     | Killed Rupert
 25844 | D:15     | Found Kantef's General Store.
 25853 | D:15     | Bought a potion of heal wounds for 95 gold pieces
 25853 | D:15     | Bought a potion of curing for 57 gold pieces
 26214 | D:15     | Found a staircase to the Depths.
 26691 | Lair:3   | Killed sking99's ghost
 26781 | Swamp:1  | Entered Level 1 of the Swamp
 26864 | Swamp:1  | Learned a level 3 spell: Portal Projectile
 26957 | Swamp:1  | Reached XP level 16. HP: 81/127 MP: 11/30
 28549 | Swamp:4  | Entered Level 4 of the Swamp
 29843 | Swamp:4  | Noticed a thorn hunter
 29868 | Swamp:4  | Killed a thorn hunter
 30003 | Swamp:4  | Got a decaying rune of Zot
 30125 | Swamp:4  | Reached XP level 17. HP: 120/135 MP: 24/32
 30800 | Spider:1 | Entered Level 1 of the Spider Nest
 31207 | Spider:1 | Identified the cursed +0 hat of Going Fast {rN++ Slay-3 Stlth+} (You found it on level 1 of the Spider Nest)
 31329 | Spider:1 | Upgraded the game from 0.22-a0-587-g7d32d7c to 0.22-a0-596-gfbd32a6
 31550 | Spider:1 | Noticed Nikola
 31561 | Spider:1 | Killed Nikola
 31692 | Spider:2 | Found a frozen archway.
 31908 | IceCv    | Entered an ice cave
 31981 | IceCv    | Identified the amulet "Iwnyon" {Acrobat rF+ Dex+4} (You found it in an ice cave)
 32815 | Spider:2 | Noticed Asterion
 33041 | Spider:2 | Corrupted Spider:2
 33041 | Spider:2 | Noticed a tentacled monstrosity
 33041 | Spider:2 | Noticed a bone dragon
 33041 | Spider:2 | Noticed a bone dragon
 33048 | Spider:2 | Noticed a tentacled starspawn
 33050 | Spider:2 | Killed Asterion
 33362 | Spider:2 | Upgraded the game from 0.22-a0-596-gfbd32a6 to 0.22-a0-601-gb0ed703
 34100 | Spider:3 | Identified the +7 bardiche of Welfare {venom, rElec MR+ Dex+7} (You found it on level 3 of the Spider Nest)
 34400 | Spider:3 | Identified the +4 scale mail of Ciutwi {rF- Str+6 Int+2 Dex+3} (You found it on level 3 of the Spider Nest)
 34499 | Spider:4 | Entered Level 4 of the Spider Nest
 34650 | Spider:4 | Reached skill level 10 in Conjurations
 34650 | Spider:4 | Reached skill level 10 in Hexes
 34650 | Spider:4 | Reached skill level 10 in Charms
 34650 | Spider:4 | Reached skill level 10 in Summonings
 34650 | Spider:4 | Reached skill level 10 in Necromancy
 34650 | Spider:4 | Reached skill level 10 in Translocations
 34650 | Spider:4 | Reached skill level 10 in Transmutations
 34650 | Spider:4 | Reached skill level 10 in Fire Magic
 34650 | Spider:4 | Reached skill level 10 in Ice Magic
 34650 | Spider:4 | Reached skill level 10 in Air Magic
 34650 | Spider:4 | Reached skill level 10 in Earth Magic
 34650 | Spider:4 | Reached skill level 10 in Poison Magic
 34813 | Spider:4 | Noticed Bai Suzhen
 34833 | Spider:4 | Reached XP level 18. HP: 101/143 MP: 6/33
 34886 | Spider:4 | Killed Bai Suzhen
 34899 | Spider:4 | HP: 2/143 [spark wasp (15)]
 34899 | Spider:4 | Mangled by a spark wasp

Vault maps used:
D:1:      evilmike_arrival_crescent
D:2:      ashenzari_altar_1, first_ration
D:3:      lemuel_altar_in_water2, uniq_grinder
D:4:      overflow_temple_1_default
D:5:      lemuel_doored_altar, basic_altar, st_stairs_9,
          okawaru_altar_gauntlet_db, uniq_crazy_yiuf_cottage, uniq_ijyb
D:6:      gammafunk_ghost_split, serial_shops, shop, basic_altar,
          nemelex_diamond_rough_becter
D:7:      kennysheep_ying_yang, minmay_temple_entry_statues
D:8:      lemuel_coloured_pillars_altar, trog_ov_bears_minmay
D:9:      nicolae_gozag_zags_fifth_avenue, grunt_lair_entry_orc_guard_hut,
          hangedman_ranch
D:10:     erik_orc_4, uniq_psyche
D:11:     lab_entry_generic, serial_glass, glass_columns_b, glass_columns_b
D:12:     serial_shops, shop, uniq_nessos
D:13:     david_vaults_5, serial_shops, nicolae_shop_trees
D:14:     minmay_misc_feat_chi, uniq_josephine
D:15:     grunt_enter_depths_snipers, minmay_misc_feat_diagonals, serial_shops,
          shop, uniq_rupert
Lair:1:   st_stairs_4, serial_bayou_shore_b, lemuel_fruit_tree,
          grunt_megastairs_5, serial_bayou_shore_a
Lair:2:   beast_lair_carwin_5, serial_bayou_shore_b
Lair:3:   swamp_mist, spider_nest_entry_web_field, gammafunk_ghost_split, pond,
          minmay_lair_oklob_chamber, serial_bayou_shore_b
Lair:4:   enter_volcano_4
Lair:5:   infiniplex_staircase_pool_2
Lair:6:   hangedman_lair_caniforms_friends, guppyfry_lair_end_dragon,
          slime_altar_1, grunt_megastairs_4
Swamp:1:  evilmike_swamp_ruin_rubble_1, infiniplex_staircase_pool
Swamp:2:  evilmike_swamp_ruin_wall
Swamp:3:  evilmike_swamp_ruin_house_4
Swamp:4:  swamp_basic_johnstein
Spider:1: uniq_nikola
Spider:2: portal_ice_cave_entry_pillars_three, uniq_asterion
Spider:4: grunt_spider_rune_circles, gammafunk_ghost_necromancy, uniq_bai_suzhen
Orc:2:    st_orc_open, serial_shops, shop, shop, shop, mines2_lemuel
IceCv:    ice_cave_caverns_03
Volcano:  kennysheep_volcano_temple

Skill      XL: |  1  2  3  4  5  6  7  8  9 10 11 12 13 14 15 16 17 18 |
---------------+-------------------------------------------------------+-----
Short Blades   | 1 2 3 4 5 6 7 8 9 10 11 | 11.7
Axes           | 1 2 3 4 5 6 7 8 9 10 11 | 11.7
Maces & Flails | 1 2 3 4 5 6 7 8 9 10 11 | 11.7
Polearms       | 1 2 3 4 5 6 7 8 9 10 11 | 11.7
Staves         | 1 2 3 4 5 6 7 8 9 10 11 | 11.7
Slings         | 1 2 3 4 5 6 7 8 9 10 11 | 11.7
Bows           | 1 2 3 4 5 6 7 8 9 10 11 | 11.7
Crossbows      | 1 2 3 4 5 6 7 8 9 10 11 | 11.7
Throwing       | 1 2 3 4 5 6 7 8 9 10 11 | 11.7
Stealth        | 1 2 3 4 5 6 7 8 9 10 11 | 11.7
Shields        | 1 2 3 4 5 6 7 8 9 10 11 | 11.7
Unarmed Combat | 1 2 3 4 5 6 7 8 9 10 11 | 11.7
Spellcasting   | 1 2 3 4 5 6 7 8 9 10 11 | 11.7
Evocations     | 1 2 3 4 5 6 7 8 9 10 11 | 11.7
Conjurations   | 1 2 3 4 5 6 7 8 9 10 | 10.0
Hexes          | 1 2 3 4 5 6 7 8 9 10 | 10.0
Charms         | 1 2 3 4 5 6 7 8 9 10 | 10.0
Summonings     | 1 2 3 4 5 6 7 8 9 10 | 10.0
Necromancy     | 1 2 3 4 5 6 7 8 9 10 | 10.0
Translocations | 1 2 3 4 5 6 7 8 9 10 | 10.0
Transmutations | 1 2 3 4 5 6 7 8 9 10 | 10.0
Fire Magic     | 1 2 3 4 5 6 7 8 9 10 | 10.0
Ice Magic      | 1 2 3 4 5 6 7 8 9 10 | 10.0
Air Magic      | 1 2 3 4 5 6 7 8 9 10 | 10.0
Earth Magic    | 1 2 3 4 5 6 7 8 9 10 | 10.0
Poison Magic   | 1 2 3 4 5 6 7 8 9 10 | 10.0
Dodging        | 3 4 5 6 7 8 9 10 11 12 | 12.0
Invocations    | 5 6 7 8 9 10 11 12 13 | 13.3
Long Blades    | 5 6 7 8 9 10 11 12 | 12.5
Armour         | 5 6 7 8 9 10 11 12 | 12.5
Fighting       | 7 8 9 10 11 12 13 | 13.1

Action                   |  1- 3 |  4- 6 |  7- 9 | 10-12 | 13-15 | 16-18 || total
-------------------------+-------+-------+-------+-------+-------+-------++-------
Melee: Falchion          |    65 |       |   151 |    49 |       |       ||   265
       Bite              |     8 |    35 |    81 |    96 |   124 |    65 ||   409
       Long sword        |    14 |   280 |    87 |       |       |       ||   381
       Punch             |       |     1 |     9 |     2 |       |     1 ||    13
       Dagger            |       |       |   425 |    18 |    27 |     8 ||   478
       Unarmed           |       |       |     3 |       |       |       ||     3
       Great sword       |       |       |       |   512 |   748 |   367 ||  1627
 Fire: Longbow           |       |       |       |       |    35 |   587 ||   622
 Cast: Animate Skeleton  |       |       |       |    31 |    65 |    10 ||   106
       Animate Dead      |       |       |       |     1 |    38 |    52 ||    91
       Summon Lightning  |       |       |       |       |    10 |       ||    10
       Summon Ice Beast  |       |       |       |       |    16 |     2 ||    18
       Regeneration      |       |       |       |       |    26 |    41 ||    67
       Portal Projectile |       |       |       |       |     1 |    40 ||    41
       Apportation       |       |       |       |       |       |    16 ||    16
Invok: Depart the Abyss  |     1 |       |       |       |       |       ||     1
       Banish            |       |       |       |    12 |     7 |    21 ||    40
       Corrupt           |       |       |       |       |     1 |     1 ||     2
Evoke: Wand              |       |       |       |     3 |    15 |    19 ||    37
       Box of beasts     |       |       |       |       |       |     1 ||     1
  Use: Scroll            |       |    14 |     4 |    19 |     6 |     6 ||    49
       Potion            |       |     1 |     6 |     2 |     2 |    10 ||    21
 Stab: Sleeping          |       |       |       |    14 |    27 |     6 ||    47
       Distracted        |       |       |       |     4 |    14 |     7 ||    25
       Paralysed         |       |       |       |       |       |     1 ||     1
  Eat: Chunk             |     1 |     9 |    10 |    24 |    36 |    14 ||    94
       Ration            |       |       |     2 |     3 |     2 |     7 ||    14
Armor: Chain mail        |    55 |   204 |   358 |    55 |       |       ||   672
       Leather armour    |     3 |       |       |       |       |       ||     3
       Skin              |       |       |    54 |       |       |       ||    54
       Troll leather arm |       |       |       |    60 |       |       ||    60
       Ring mail         |       |       |       |    90 |   335 |    48 ||   473
       Swamp dragon scal |       |       |       |       |       |   358 ||   358
Dodge: Dodged            |    47 |   120 |   258 |   434 |   761 |   878 ||  2498
       Rpst.: Falchion   |    13 |       |    11 |     6 |       |       ||    30
       Long sword        |     1 |    54 |    13 |       |       |       ||    68
       Great sword       |       |       |       |   121 |   176 |   113 ||   410

Table legend:
 A = Spawn XP
 B = Non-spawn XP
 C = Spawn XP percentage of total XP
 D = Spawn monster count
 E = Non-spawn monster count
 F = Spawn count percentage of total count
 G = Total turns spent on level
                    A         B        C        D         E        F      G
               +---------+---------+-------+---------+---------+-------+---------
         Total |       0 |  249536 |   0.0 |       0 |    1106 |   0.0 | 34899
               +---------+---------+-------+---------+---------+-------+---------
           D:1 |       0 |      26 |   0.0 |       0 |      20 |   0.0 |   895
           D:2 |       0 |     414 |   0.0 |       0 |      22 |   0.0 |  1269
           D:3 |       0 |     110 |   0.0 |       0 |      25 |   0.0 |  1277
           D:4 |       0 |     644 |   0.0 |       0 |      30 |   0.0 |  1183
           D:5 |       0 |     539 |   0.0 |       0 |      29 |   0.0 |  1084
           D:6 |       0 |    1035 |   0.0 |       0 |      16 |   0.0 |   865
           D:7 |       0 |     863 |   0.0 |       0 |      15 |   0.0 |  2064
           D:8 |       0 |    2356 |   0.0 |       0 |      48 |   0.0 |  1300
           D:9 |       0 |    4036 |   0.0 |       0 |      36 |   0.0 |  1439
          D:10 |       0 |    2024 |   0.0 |       0 |      45 |   0.0 |   912
          D:11 |       0 |    5373 |   0.0 |       0 |      44 |   0.0 |  1303
          D:12 |       0 |    3567 |   0.0 |       0 |      21 |   0.0 |   861
          D:13 |       0 |   13509 |   0.0 |       0 |      43 |   0.0 |  1233
          D:14 |       0 |    9378 |   0.0 |       0 |      20 |   0.0 |  1020
          D:15 |       0 |   11275 |   0.0 |       0 |      26 |   0.0 |   948
        Lair:1 |       0 |    1278 |   0.0 |       0 |       8 |   0.0 |   901
        Lair:2 |       0 |    3173 |   0.0 |       0 |      23 |   0.0 |   731
        Lair:3 |       0 |    5643 |   0.0 |       0 |      29 |   0.0 |  1320
        Lair:4 |       0 |    3791 |   0.0 |       0 |      15 |   0.0 |  1083
        Lair:5 |       0 |    5439 |   0.0 |       0 |      25 |   0.0 |   672
        Lair:6 |       0 |   21482 |   0.0 |       0 |     101 |   0.0 |  1744
       Swamp:1 |       0 |    9858 |   0.0 |       0 |      32 |   0.0 |   722
       Swamp:2 |       0 |    3555 |   0.0 |       0 |      11 |   0.0 |   536
       Swamp:3 |       0 |   13758 |   0.0 |       0 |      41 |   0.0 |   864
       Swamp:4 |       0 |   32749 |   0.0 |       0 |      66 |   0.0 |  1594
      Spider:1 |       0 |   18981 |   0.0 |       0 |      56 |   0.0 |  1100
      Spider:2 |       0 |    7091 |   0.0 |       0 |      24 |   0.0 |   556
      Spider:3 |       0 |   14997 |   0.0 |       0 |      37 |   0.0 |  1133
      Spider:4 |       0 |   14506 |   0.0 |       0 |      35 |   0.0 |   400
         Orc:1 |       0 |   14454 |   0.0 |       0 |      60 |   0.0 |  1582
         Orc:2 |       0 |    8172 |   0.0 |       0 |      43 |   0.0 |   675
           Lab |       0 |    1192 |   0.0 |       0 |       1 |   0.0 |   130
         IceCv |       0 |   10372 |   0.0 |       0 |      52 |   0.0 |   907
       Volcano |       0 |    3896 |   0.0 |       0 |       7 |   0.0 |   490
               +---------+---------+-------+---------+---------+-------+---------

Action                   |  1- 3 |  4- 6 |  7- 9 | 10-12 | 13-15 | 16-18 || total
-------------------------+-------+-------+-------+-------+-------+-------++-------
Melee: Falchion          |    65 |       |   151 |    49 |       |       ||   265
       Bite              |     8 |    35 |    81 |    96 |   124 |    65 ||   409
       Long sword        |    14 |   280 |    87 |       |       |       ||   381
       Punch             |       |     1 |     9 |     2 |       |     1 ||    13
       Dagger            |       |       |   425 |    18 |    27 |     8 ||   478
       Unarmed           |       |       |     3 |       |       |       ||     3
       Great sword       |       |       |       |   512 |   748 |   367 ||  1627
 Fire: Longbow           |       |       |       |       |    35 |   587 ||   622
 Cast: Animate Skeleton  |       |       |       |    31 |    65 |    10 ||   106
       Animate Dead      |       |       |       |     1 |    38 |    52 ||    91
       Summon Lightning  |       |       |       |       |    10 |       ||    10
       Summon Ice Beast  |       |       |       |       |    16 |     2 ||    18
       Regeneration      |       |       |       |       |    26 |    41 ||    67
       Portal Projectile |       |       |       |       |     1 |    40 ||    41
       Apportation       |       |       |       |       |       |    16 ||    16
Invok: Depart the Abyss  |     1 |       |       |       |       |       ||     1
       Banish            |       |       |       |    12 |     7 |    21 ||    40
       Corrupt           |       |       |       |       |     1 |     1 ||     2
Evoke: Wand              |       |       |       |     3 |    15 |    19 ||    37
       Box of beasts     |       |       |       |       |       |     1 ||     1
  Use: Scroll            |       |    14 |     4 |    19 |     6 |     6 ||    49
       Potion            |       |     1 |     6 |     2 |     2 |    10 ||    21
 Stab: Sleeping          |       |       |       |    14 |    27 |     6 ||    47
       Distracted        |       |       |       |     4 |    14 |     7 ||    25
       Paralysed         |       |       |       |       |       |     1 ||     1
  Eat: Chunk             |     1 |     9 |    10 |    24 |    36 |    14 ||    94
       Ration            |       |       |     2 |     3 |     2 |     7 ||    14
Armor: Chain mail        |    55 |   204 |   358 |    55 |       |       ||   672
       Leather armour    |     3 |       |       |       |       |       ||     3
       Skin              |       |       |    54 |       |       |       ||    54
       Troll leather arm |       |       |       |    60 |       |       ||    60
       Ring mail         |       |       |       |    90 |   335 |    48 ||   473
       Swamp dragon scal |       |       |       |       |       |   358 ||   358
Dodge: Dodged            |    47 |   120 |   258 |   434 |   761 |   878 ||  2498
       Rpst.: Falchion   |    13 |       |    11 |     6 |       |       ||    30
       Long sword        |     1 |    54 |    13 |       |       |       ||    68
       Great sword       |       |       |       |   121 |   176 |   113 ||   410
